 Dungeon Crawl Stone Soup version 0.22-a0-605-g9281fa2 (webtiles) character file.

69796 Mamutox the Basher (level 14, -2/144 HPs)
             Began as a Troll Chaos Knight on July 8, 2018.
             Killed from afar by Nikola (13 damage)
             ... with a chain lightning
             ... on level 1 of the Elven Halls.
             The game lasted 01:58:50 (19800 turns).

Mamutox the Basher (Troll Chaos Knight)            Turns: 19800, Time: 01:58:51

Health: -2/144     AC: 10    Str: 25 (27) XL:     14   Next: 91%
Magic:  20/20      EV: 17    Int:  7 (8)  God:    Xom [......]
Gold:   2294       SH:  0    Dex: 12 (13) Spells: 18/22 levels left

rFire    . . .     SeeInvis .   X - +1 dire flail (protect)
rCold    + + .     Gourm    +   (shield currently unavailable)
rNeg     + . .     Faith    .   x - +1 robe {rN+}
rPois    .         Spirit   .   (helmet restricted)
rElec    .         Reflect  .   g - +2 cloak {+Inv}
rCorr    .         Harm     .   (gloves unavailable)
MR       +++..     Clarity  +   (boots unavailable)
Stlth    +.........             e - amulet of rage
HPRegen  0.74/turn              V - +2 ring of protection
MPRegen  0.17/turn              Y - +4 ring of strength

@: studying Maces & Flails
A: large, unfitting armour, claws 3, hooves 2, repulsion field 1, clarity, cold
resistance 2, deformed body, deterioration 1, fast metabolism 3, gourmand, magic
resistance 2, mutation resistance 1, sense surroundings 1, regeneration 1,
shaggy fur 1, tough skin 2, wild magic 1
a: Renounce Religion, Evoke Berserk Rage, Evoke Invisibility


You were on level 1 of the Elven Halls.
You worshipped Xom.
You were a very special plaything of Xom.
You were not hungry.

You visited 4 branches of the dungeon, and saw 16 of its levels.
You also visited: Sewer.

You collected 3947 gold pieces.
You spent 1653 gold pieces at shops.

Inventory:

Hand Weapons
 a - a +0 mace of chaos
 X - a +1 dire flail of protection (weapon)
Missiles
 m - 2 throwing nets
 A - 8 large rocks
 I - 35 tomahawks (quivered)
 J - 2 javelins
 M - 5 tomahawks of dispersal
 W - 6 tomahawks of returning
Armour
 g - a +2 cloak of invisibility (worn)
 x - a +1 robe of positive energy (worn)
 O - a +2 robe of cold resistance
Jewellery
 e - an amulet of rage (around neck)
 q - an uncursed ring of positive energy
 w - a +2 ring of evasion
 S - an uncursed amulet of guardian spirit
 U - an uncursed ring of poison resistance
 V - a +2 ring of protection (left claw)
 Y - a +4 ring of strength (right claw)
Wands
 b - a wand of iceblast (20)
 t - a wand of acid (24)
 y - a wand of random effects (36)
 D - a wand of polymorph (10)
 G - a wand of scattershot (4)
Scrolls
 d - 6 scrolls of enchant armour
 f - 11 scrolls of remove curse
 h - a scroll of immolation {unknown}
 i - 3 scrolls of fog
 l - 5 scrolls of amnesia
 o - 7 scrolls of teleportation
 r - a scroll of magic mapping {unknown}
 C - a scroll of brand weapon {unknown}
 F - 2 scrolls of blinking {unknown}
 K - a scroll of enchant weapon {unknown}
 Q - a scroll of summoning {unknown}
Potions
 j - 5 potions of flight
 k - a potion of berserk rage
 n - 10 potions of curing
 p - 2 potions of might
 v - a potion of invisibility
 B - 2 potions of magic
 E - 2 potions of brilliance
 H - 2 potions of agility
 N - a potion of resistance
 P - 2 potions of ambrosia
 R - a potion of mutation
 T - a potion of cancellation
Books
 s - a manual of Maces & Flails
Comestibles
 c - 32 rations


   Skills:
 + Level 10.8 Fighting
 + Level 11.8 Maces & Flails
 - Level 3.9 Throwing
 + Level 3.3 Armour
 - Level 10.0 Dodging
   Level 3.5 Shields
 - Level 4.7 Spellcasting
 - Level 5.7 Translocations
 - Level 2.0 Transmutations
 - Level 2.0 Earth Magic


You had 18 spell levels left.
You knew the following spells:

 Your Spells              Type           Power        Failure   Level  Hunger
a - Blink                 Tloc           N/A          7%          2    ###....
b - Passwall              Tmut/Erth      #.......     26%         2    ###....

Your spell library contained the following spells:

 Spells                   Type           Power        Failure   Level  Hunger
 Magic Dart               Conj           #...         36%         1    #......
 Conjure Flame            Conj/Fire      #.......     73%         3    ###....
 Slow                     Hex            #.......     50%         2    ###....
 Throw Frost              Conj/Ice       #.....       50%         2    ###....
 Mephitic Cloud           Conj/Pois/Air  #.......     73%         3    ###....
 Venom Bolt               Conj/Pois      #.........   100%        5    ######.
 Olgreb's Toxic Radiance  Pois           #.......     98%         4    #####..
 Call Imp                 Summ           #.......     50%         2    ###....
 Sting                    Conj/Pois      #...         36%         1    #......
 Stone Arrow              Conj/Erth      #.....       58%         3    ###....
 Ice Form                 Ice/Tmut       #.......     92%         4    #####..
 Throw Icicle             Conj/Ice       #.......     98%         4    #####..
 Metabolic Englaciation   Hex/Ice        #.........   100%        5    ######.
 Lee's Rapid Deconstruct  Erth           #.........   99%         5    ######.
 Sandblast                Erth           #.....       19%         1    #......
 Petrify                  Tmut/Erth      #.......     83%         4    #####..
 Poisonous Vapours        Pois/Air       #.....       50%         2    ###....


Dungeon Overview and Level Annotations

Branches:
Dungeon (12/15)            Temple (0/1) D:4            Lair (1/6) D:10
    Orc (2/2) D:11            Elf (1/3) Orc:2

Altars:
Ashenzari
Fedhas
Hepliaklqana
Kikubaaqudgha
Makhleb
Trog
Xom
Zin

Shops:
D:4 ?   D:5 [   D:9 *:*!*   Orc:2 !:![

Portals:
Pandemonium: Orc:2

Annotations:
D:12 3 runed doors
Elf:1 Nikola


Innate Abilities, Weirdness & Mutations

You are too large for most types of armour.
You have claws for hands.
Your metabolism is lightning-fast.
You like to eat raw meat.
Your natural rate of healing is unusually fast.
You are covered in fur. (AC +1)
You have very tough skin. (AC +2)
You have hoof-like feet.
You are surrounded by a mild repulsion field. (EV +2)
You possess an exceptional clarity of mind.
Your flesh is very cold resistant. (rC++)
Armour fits poorly on your strangely shaped body.
Your body sometimes deteriorates upon taking damage.
You are highly resistant to hostile enchantments. (MR++)
You are somewhat resistant to further mutation.
You passively map a small area around you.
Your spells are a little harder to cast, but a little more powerful.


Message History

The deep elf knight flickers and vanishes!
Deactivating autopickup; reactivate with Ctrl-A.
You feel much better.
The deep elf knight casts a spell at you.
The stone arrow misses you.
Nikola casts a spell.
You hear a mighty clap of thunder!
The lightning arc hits the deep elf mage.
Nikola's attack snaps the deep elf mage out of its fear.
The lightning arc hits you!
* * * LOW HITPOINT WARNING * * *
Your body deteriorates!
You feel clumsy.
The lightning arc hits the fire elemental.
The fire elemental resists.
The lightning arc hits the deep elf mage.
The deep elf mage dies!
The fire elemental disappears in a puff of smoke! x2
The lightning arc hits you!
You die...
Xom laughs nastily!

, * , , , , , * *
,, * * ,* ,
*####++## *
#...e..## ** *
+...e...+, * ,
#.....§.+ , * , ,
#..§§...# * *
#....§§@###.. ,
#....{#)....#
.'.....#.....#, *
*
##...###.....###
* ##.. #.....#.
#...###@....###.#
, *
#...'.#.)...#.'.
+. ###.)...### *
,, * ,+.#.....#.+
,


You could see Nikola, a deep elf archer and a deep elf knight (fleeing).

Vanquished Creatures
  2 ogre magi
  6 orc high priests
  2 deep troll earth magi (D:11)
  8 two-headed ogres
  A tengu warrior (D:11)
  A soul eater (Orc:2)
  2 sixfirhies (Orc:2)
  An unseen horror (D:12)
  A gelid demonspawn (Orc:2)
  2 torturous demonspawn (Orc:2)
  4 orc knights
  3 deep elf magi (Elf:1)
  A mana viper (D:11)
  A manticore (D:10)
  4 orc sorcerers
  A centaur zombie (D:11)
  A water nymph (shapeshifter) (D:11)
  A water nymph (Orc:2)
  A spiny frog (Lair:1)
  A rime drake (Lair:1)
  2 komodo dragons (Lair:1)
  A hellwing (Orc:2)
  A red devil (Orc:2)
  2 trolls
  4 blink frogs (Lair:1)
  The ghost of Barriton the Gusty, an amateur DrAE (D:4)
  A hippogriff (D:7)
  2 yaks (D:11)
  A basilisk (D:11)
  A hungry ghost (D:8)
  A chaos spawn (Orc:2)
  3 vampire mosquitoes
  2 wargs (Orc:2)
  3 water moccasins
  Purgy (D:4)
  28 orc warriors
  2 porcupines (Lair:1)
  A swamp drake (D:11)
  5 ice beasts
  4 phantoms
  2 black bears
  5 wolves (Lair:1)
  12 ogres
  7 centaurs
  A crocodile (Lair:1)
  2 wyvern zombies (D:10)
  7 bullfrogs
  4 scorpions
  11 killer bees
  A wight (D:11)
  3 howler monkeys (D:10)
  5 crimson imps
  3 jellies
  15 orc wizards
  22 orc priests
  3 bullfrog skeletons
  10 hounds
  2 centaur skeletons
  An iguana (D:4)
  3 worker ants
  A hound zombie (D:8)
  A hound skeleton (D:6)
  Robin (D:4)
  A worker ant zombie (D:11)
  7 adders
  6 river rats (Sewer)
  A shadow imp (D:3)
  An ooze (D:3)
  An adder skeleton (D:9)
  4 worms
  10 leopard geckos
  72 orcs
  7 ball pythons
  8 giant cockroaches
  14 goblins
  17 hobgoblins
  5 jackals
  22 kobolds
  6 quokkas
  8 bats
  5 frilled lizards
  A leopard gecko skeleton (D:4)
  A leopard gecko zombie (D:5)
  28 rats
457 creatures vanquished.

Vanquished Creatures (collateral kills)
  A deep elf high priest (D:11)
  An ice dragon (D:11)
  2 orc sorcerers (Orc:2)
  A cyclops (D:11)
  An orange demon (Orc:2)
  A centaur skeleton (D:11)
  A troll (D:11)
  A yak (D:11)
  A sky beast (D:9)
  A bullfrog (D:9)
  A worker ant zombie (D:5)
  An adder (D:9)
  A leopard gecko (D:9)
  An orc (D:9)
15 creatures vanquished.

Vanquished Creatures (others)
  A dancing weapon (Orc:2)
  A deep elf archer (Elf:1)
  2 deep elf magi (Elf:1)
  2 crimson imps (D:11)
  An adder (D:4)
  An orc (Orc:2)
  A rat (D:3)
  7 bushes (D:11)
16 creatures vanquished.

Grand Total: 488 creatures vanquished

Notes
Turn   | Place    | Note
-------+----------+-------------------------------------------
     0 | D:1      | Mamutox the Troll Chaos Knight began the quest for the Orb.
     0 | D:1      | Reached XP level 1. HP: 22/22 MP: 0/0
   353 | D:1      | Reached XP level 2. HP: 29/29 MP: 1/1
   608 | D:1      | XOM: harmless Air miscast
   611 | D:1      | XOM: cloud trail
   789 | D:2      | Reached skill level 3 in Maces & Flails
   803 | D:2      | Found a shattered altar of Ashenzari.
  1007 | D:1      | XOM: harmless Hex miscast
  1089 | D:1      | XOM: harmless Summ miscast
  1288 | D:2      | Reached XP level 3. HP: 29/36 MP: 2/2
  1562 | D:3      | XOM: noise
  1710 | D:3      | XOM: butterfly on damage
  1774 | D:3      | XOM: silly message
  1826 | D:3      | Found a transporter.
  1868 | D:3      | Found a transporter.
  2137 | D:3      | Reached XP level 4. HP: 42/45 MP: 3/3
  2362 | D:4      | Noticed Robin
  2362 | D:4      | XOM: potion effect (invisibility)
  2427 | D:4      | Killed Robin
  2434 | D:4      | XOM: harmless Summ miscast
  2439 | D:4      | Found a staircase to the Ecumenical Temple.
  2629 | D:4      | Found Zaaz's Magic Scroll Emporium.
  2638 | D:4      | Bought a scroll of noise for 12 gold pieces
  2638 | D:4      | Bought a scroll of fog for 24 gold pieces
  2638 | D:4      | Bought a scroll of teleportation for 36 gold pieces
  2638 | D:4      | Bought a scroll of fear for 42 gold pieces
  2711 | D:4      | XOM: divination: magic mapping
  2836 | D:4      | Reached XP level 5. HP: 47/53 MP: 4/4
  3011 | D:4      | Noticed Purgy
  3014 | D:4      | XOM: harmless Tloc miscast
  3020 | D:4      | Killed Purgy
  3020 | D:4      | Reached skill level 4 in Maces & Flails
  3020 | D:4      | Reached XP level 6. HP: 62/62 MP: 5/5
  3040 | D:4      | XOM: divination: magic mapping
  3096 | D:4      | Found a runed door.
  3099 | D:4      | Noticed Barriton's ghost (amateur DrAE)
  3141 | D:4      | Killed Barriton's ghost
  3141 | D:4      | Reached skill level 1 in Armour
  3149 | D:4      | XOM: harmless Tmut miscast
  3249 | D:4      | XOM: summons 3 hostile demons
  3419 | D:4      | XOM: summons 2 hostile shadow creatures
  3577 | D:4      | Bought a scroll of identify for 24 gold pieces
  3583 | D:5      | Entered Level 5 of the Dungeon
  3650 | D:5      | Reached XP level 7. HP: 70/70 MP: 6/6
  3777 | D:5      | XOM: severe Ice miscast
  3948 | D:5      | Found Soedimeu's Antique Armour Shop.
  4103 | D:5      | XOM: summons 2 friendly demons
  4577 | D:4      | XOM: divination: magic mapping
  4775 | D:6      | Reached skill level 5 in Maces & Flails
  4806 | D:6      | Found an ancient bone altar of Kikubaaqudgha.
  4818 | D:6      | Found a blossoming altar of Fedhas.
  4865 | D:6      | Found a glowing drain.
  4885 | D:6      | XOM: confuse monster(s)
  4912 | Sewer    | Entered a sewer
  5113 | Sewer    | Reached XP level 8. HP: 79/79 MP: 7/7
  5244 | Sewer    | XOM: harmless Hex miscast
  5655 | D:6      | XOM: scenery: create altars
  5752 | D:7      | Reached skill level 5 in Fighting
  6057 | D:7      | XOM: scenery: create altars
  6070 | D:7      | XOM: summons friendly crimson imp
  6076 | D:7      | XOM: divination: detect items
  6082 | D:7      | XOM: summons friendly ufetubus
  6097 | D:7      | XOM: polymorph ufetubus -> shadow imp
  6103 | D:7      | XOM: scenery: create altars
  6111 | D:7      | XOM: divination: magic mapping
  6112 | D:7      | Reached skill level 5 in Dodging
  6325 | D:7      | XOM: mild Tloc miscast
  6384 | D:7      | Reached skill level 6 in Maces & Flails
  6463 | D:7      | XOM: potion effect (haste)
  6582 | D:7      | Noticed a hippogriff
  6590 | D:7      | XOM: divination: detect creatures
  6591 | D:7      | Killed a hippogriff
  6591 | D:7      | Reached XP level 9. HP: 53/89 MP: 8/8
  6986 | D:7      | XOM: silly message
  7017 | D:7      | Found a hazy altar of Hepliaklqana.
  7728 | D:8      | Reached skill level 7 in Maces & Flails
  7733 | D:8      | Found a burning altar of Makhleb.
  7800 | D:8      | Noticed a two-headed ogre
  7806 | D:8      | XOM: fog
  7813 | D:8      | XOM: god gift: 350 gold pieces
  7816 | D:8      | Killed a two-headed ogre
  8122 | D:9      | XOM: scenery: create altars
  8140 | D:9      | Found Cecolot's Distillery.
  8174 | D:9      | Found Haggefac's General Store.
  8187 | D:9      | Found Eziodora's Assorted Antiques.
  8445 | D:9      | Noticed a troll
  8454 | D:9      | Killed a troll
  8603 | D:9      | XOM: summons friendly quasit
  8604 | D:9      | Reached XP level 10. HP: 83/102 MP: 9/9
  8660 | D:9      | XOM: give mutation
  8660 | D:9      | Gained mutation: You have large cloven feet. [Xom's grace]
  8684 | D:9      | Found a glowing silver altar of Zin.
  8716 | D:9      | Found Eddeoset's Serpentskin Sales.
  8764 | D:9      | XOM: summons friendly soul eater
  8774 | D:9      | Reached skill level 8 in Maces & Flails
  8799 | D:9      | Found Qicocuh's Book Boutique.
  8860 | D:9      | Found the +8 frozen axe "Frostbite" {freezing cloud, *Noise +Fly rC+}
  9124 | D:9      | XOM is BORED!
  9124 | D:9      | XOM: give mutations
  9124 | D:9      | Gained mutation: You are clumsy. (Dex -2) [Xom's mischief]
  9124 | D:9      | Gained mutation: Armour fits poorly on your strangely shaped body. [Xom's mischief]
  9124 | D:9      | Gained mutation: You are weak. (Str -2) [Xom's mischief]
  9167 | D:10     | Entered Level 10 of the Dungeon
  9262 | D:9      | XOM: 2-stop teleportation journey
  9309 | D:9      | XOM: give mutations
  9309 | D:9      | Gained mutation: You are robust. (+10% HP) [Xom's grace]
  9309 | D:9      | Gained mutation: You passively map a small area around you. [Xom's grace]
  9398 | D:9      | XOM: give mutation
  9398 | D:9      | Lost mutation: You are weak. (Str -2) [Xom's grace]
  9448 | D:10     | Noticed a manticore
  9451 | D:10     | Identified the Volume of Cankerous Cold
  9451 | D:10     | XOM: scenery: create altars
  9467 | D:10     | Killed a manticore
  9648 | D:9      | XOM: draining
  9756 | D:10     | XOM: confusion (+ monsters)
  9767 | D:10     | XOM: scenery: create altars
  9952 | D:10     | XOM: 2-stop teleportation journey
 10056 | D:10     | Found a staircase to the Lair.
 10129 | D:10     | XOM: mild Erth miscast
 10393 | D:10     | Noticed a two-headed ogre
 10405 | D:10     | XOM: mild Tmut miscast
 10406 | D:10     | Killed a two-headed ogre
 10406 | D:10     | Reached skill level 1 in Throwing
 10641 | D:10     | Noticed a two-headed ogre
 10649 | D:10     | Killed a two-headed ogre
 10649 | D:10     | Reached skill level 9 in Maces & Flails
 11008 | D:11     | Reached XP level 11. HP: 121/124 MP: 10/10
 11019 | D:11     | XOM: harmless Fire miscast
 11264 | D:11     | Noticed a two-headed ogre
 11265 | D:11     | Noticed a deep troll
 11265 | D:11     | a two-headed ogre changed into a deep troll
 11265 | D:11     | XOM: polymorph two-headed ogre -> deep troll
 11284 | D:11     | a deep troll changed into a water nymph
 11290 | D:11     | XOM: potion effect (agility)
 11400 | D:11     | XOM: polymorph orc -> quokka
 11421 | D:11     | XOM: confusion (+ monsters)
 11488 | D:11     | XOM: scenery: 2 doors close
 11501 | D:11     | Found a staircase to the Orcish Mines.
 11583 | D:11     | XOM: harmless Ice miscast
 11746 | D:11     | XOM: chaos upgrade
 11960 | D:11     | XOM: enchant monster (bad)
 11979 | D:11     | XOM: confusion (+ monsters)
 11991 | D:11     | XOM: enchant monster (good)
 12059 | D:11     | XOM: give mutation
 12059 | D:11     | Gained mutation: You possess an exceptional clarity of mind. [Xom's grace]
 12082 | D:11     | XOM: give mutations
 12082 | D:11     | Gained mutation: You are surrounded by a mild repulsion field. (EV +2) [Xom's grace]
 12082 | D:11     | Gained mutation: You are resistant to hostile enchantments. (MR+) [Xom's grace]
 12115 | D:11     | XOM: 1-stop teleportation journey
 12387 | D:12     | Found a runed door.
 12402 | D:12     | Found a runed door.
 12414 | D:12     | Found a runed door.
 12539 | D:11     | XOM: god gift: 5 tomahawks of dispersal
 12611 | D:11     | XOM: give mutations
 12611 | D:11     | Gained mutation: You are weak. (Str -2) [Xom's mischief]
 12611 | D:11     | Lost mutation: You are weak. (Str -2) [Xom's mischief]
 12798 | D:11     | XOM: cloud trail
 12875 | D:11     | XOM: mild Tloc miscast
 12917 | D:12     | XOM: smoke on damage
 13048 | D:11     | XOM: mild Pois miscast
 13055 | D:11     | XOM: 1-stop teleportation journey
 13166 | Orc:1    | Entered Level 1 of the Orcish Mines
 13190 | Orc:1    | Noticed an ogre mage
 13190 | Orc:1    | Noticed a two-headed ogre
 13191 | Orc:1    | Noticed a two-headed ogre
 13225 | D:11     | Noticed a mana viper
 13225 | D:11     | a two-headed ogre changed into a mana viper
 13225 | D:11     | XOM: polymorph two-headed ogre -> mana viper
 13229 | D:11     | Killed a mana viper
 13297 | D:11     | Learned a level 2 spell: Blink
 13307 | D:11     | Killed a two-headed ogre
 13307 | D:11     | Reached skill level 1 in Spellcasting
 13307 | D:11     | Reached skill level 1 in Translocations
 13501 | Orc:1    | Killed an ogre mage
 13699 | Orc:1    | XOM: mild Erth miscast
 13723 | Orc:2    | Entered Level 2 of the Orcish Mines
 13723 | Orc:2    | Noticed an ogre mage
 13723 | Orc:2    | Noticed a two-headed ogre
 13723 | Orc:2    | Noticed a two-headed ogre
 13723 | Orc:2    | Noticed a two-headed ogre
 13724 | Orc:2    | XOM: noise
 13763 | Orc:1    | XOM: give mutations
 13763 | Orc:1    | Gained mutation: Your spells are a little harder to cast, but a little more powerful. [Xom's mischief]
 13763 | Orc:1    | Lost mutation: You are robust. (+10% HP) [Xom's mischief]
 13788 | Orc:1    | XOM: cleaving
 13871 | D:11     | Killed a two-headed ogre
 13982 | Orc:2    | Noticed a two-headed ogre
 13985 | Orc:2    | Noticed an orc sorcerer
 14008 | Orc:1    | Killed a two-headed ogre
 14013 | Orc:1    | Killed an orc sorcerer
 14062 | Orc:2    | XOM: 1-stop teleportation journey
 14194 | Orc:2    | XOM: give mutations
 14194 | Orc:2    | Gained mutation: Your flesh is cold resistant. (rC+) [Xom's grace]
 14194 | Orc:2    | Gained mutation: You are highly resistant to hostile enchantments. (MR++) [Xom's grace]
 14200 | Orc:2    | Found a bloodstained altar of Trog.
 14200 | Orc:2    | XOM: 8-stop teleportation journey
 14299 | Orc:2    | XOM: cleaving
 14411 | Orc:2    | XOM: 8-stop teleportation journey
 14504 | Orc:1    | XOM: summons friendly shadow imp
 14508 | Orc:1    | XOM: fog
 14509 | Orc:1    | XOM: divine lightning
 14510 | Orc:1    | Killed a two-headed ogre
 14523 | Orc:1    | XOM: potion effect (experience)
 14523 | Orc:1    | Reached skill level 10 in Maces & Flails
 14523 | Orc:1    | Reached XP level 12. HP: 113/124 MP: 15/15
 14529 | Orc:1    | Killed a two-headed ogre
 14529 | Orc:1    | Reached XP level 13. HP: 105/131 MP: 15/17
 14613 | Orc:2    | Found a staircase to the Elven Halls.
 14653 | Orc:2    | XOM: give mutations
 14653 | Orc:2    | Gained mutation: You are somewhat resistant to further mutation. [Xom's grace]
 14653 | Orc:2    | Gained mutation: Your mind is acute. (Int +2) [Xom's grace]
 14653 | Orc:2    | Gained mutation: You have hoof-like feet. [Xom's grace]
 14653 | Orc:2    | Gained mutation: You are extremely resistant to the effects of hostile enchantments. (MR+++) [Xom's grace]
 14687 | Orc:1    | XOM: noise
 14728 | Orc:2    | XOM is BORED!
 14728 | Orc:2    | XOM: give mutations
 14728 | Orc:2    | Lost mutation: Your spells are a little harder to cast, but a little more powerful. [Xom's mischief]
 14728 | Orc:2    | Gained mutation: Your body sometimes deteriorates upon taking damage. [Xom's mischief]
 14728 | Orc:2    | Lost mutation: Your mind is acute. (Int +2) [Xom's mischief]
 14728 | Orc:2    | Gained mutation: Your body often deteriorates upon taking damage. [Xom's mischief]
 15016 | Orc:2    | XOM: enchant monster (good)
 15025 | Orc:2    | XOM: potion effect (berserk rage)
 15026 | Orc:2    | XOM: confuse monster(s)
 15036 | Orc:2    | Reached skill level 5 in Translocations
 15165 | Orc:2    | XOM: enchant monster (good)
 15220 | Orc:2    | Found Berasorph's Distillery.
 15224 | Orc:2    | Found Founish's Distillery.
 15262 | Orc:2    | XOM: give mutation
 15262 | Orc:2    | Gained mutation: Your muscles are strong. (Str +2) [Xom's grace]
 15399 | Orc:2    | Bought a potion of mutation for 120 gold pieces
 15401 | Orc:2    | Bought a potion of ambrosia for 96 gold pieces
 15401 | Orc:2    | Lost mutation: Your body often deteriorates upon taking damage. [potion of mutation]
 15401 | Orc:2    | Lost mutation: Your muscles are strong. (Str +2) [potion of mutation]
 15421 | Orc:2    | XOM: silly message
 15425 | Orc:2    | XOM: potion effect (agility)
 15426 | Orc:2    | XOM: enchant monster (bad)
 15431 | Orc:2    | XOM: harmless Chrm miscast
 15495 | Orc:2    | XOM: harmless Fire miscast
 15573 | Orc:1    | XOM: cloud trail
 15693 | Orc:2    | XOM: enchant monster (good)
 15798 | Orc:1    | XOM: potion effect (agility)
 15900 | Orc:2    | XOM: potion effect (experience)
 15900 | Orc:2    | Reached skill level 10 in Fighting
 15900 | Orc:2    | Reached XP level 14. HP: 143/143 MP: 20/20
 15923 | Orc:2    | XOM: harmless Tloc miscast
 15999 | Orc:2    | XOM: divination: detect items
 16089 | Orc:2    | XOM: blink monster(s)
 16109 | Orc:2    | XOM: god gift: scroll of enchant armour
 16110 | Orc:2    | XOM: summons 4 friendly demons
 16113 | Orc:2    | Reached skill level 11 in Maces & Flails
 16302 | Orc:2    | XOM: enchant monster (good)
 16405 | Orc:2    | XOM: scenery: create altars
 16446 | Orc:2    | XOM: confuse monster(s)
 16547 | Orc:2    | XOM: give mutations
 16547 | Orc:2    | Gained mutation: Your flesh is very cold resistant. (rC++) [Xom's grace]
 16547 | Orc:2    | Gained mutation: Your spells are a little harder to cast, but a little more powerful. [Xom's grace]
 16567 | Orc:2    | XOM: medium Necr miscast
 16815 | Orc:2    | XOM: cloud trail
 16971 | Orc:2    | XOM: cleaving
 17054 | Orc:2    | XOM: god gift: 46 gold pieces
 17088 | Orc:2    | Found Tipaofu's Antique Armour Shoppe.
 17088 | Orc:2    | Found Sawox's Book Emporium.
 17088 | Orc:2    | Found a one-way gate leading to the halls of Pandemonium.
 17109 | Orc:2    | Bought an embroidered cloak for 195 gold pieces
 17124 | Orc:2    | XOM: god gift: 19 stones
 17416 | Orc:1    | Learned a level 2 spell: Passwall
 17542 | D:12     | XOM: cloud trail
 17711 | D:11     | XOM: summons friendly iron imp
 17743 | D:11     | XOM: 2-stop teleportation journey
 17769 | D:11     | Reached skill level 1 in Earth Magic
 17773 | D:11     | XOM: summons 2 friendly demons
 17785 | D:11     | XOM: god gift: 1680 gold pieces
 17786 | D:11     | XOM: summons 14 friendly demons
 17788 | D:11     | Reached skill level 1 in Transmutations
 17912 | D:11     | XOM: potion effect (brilliance)
 17914 | D:11     | XOM: potion effect (heal wounds)
 17921 | D:11     | Reached skill level 10 in Dodging
 18238 | Lair:1   | Entered Level 1 of the Lair of Beasts
 18394 | Lair:1   | XOM: noise
 18575 | Lair:1   | XOM: divination: detect creatures
 18595 | Lair:1   | XOM: divination: detect creatures
 18873 | Lair:1   | XOM: silly message
 19175 | D:9      | XOM: god gift: 25 arrows
 19196 | D:9      | Bought a manual of Maces & Flails for 1104 gold pieces
 19434 | Elf:1    | Entered Level 1 of the Elven Halls
 19456 | Orc:2    | XOM: smoke on damage
 19506 | Orc:2    | XOM: give mutations
 19506 | Orc:2    | Lost mutation: You are clumsy. (Dex -2) [Xom's mischief]
 19506 | Orc:2    | Lost mutation: You are extremely resistant to the effects of hostile enchantments. (MR+++) [Xom's mischief]
 19586 | Elf:1    | XOM: polymorph deep elf mage -> water nymph
 19597 | Orc:2    | XOM: chaos cloud
 19634 | Orc:2    | XOM: harmless Fire miscast
 19795 | Elf:1    | XOM: repel stairs
 19797 | Elf:1    | Noticed Nikola
 19797 | Elf:1    | XOM: swap monsters
 19798 | Elf:1    | HP: 3/144 [Nikola/chain lightning (16)]
 19800 | Elf:1    | Killed from afar by Nikola

Vault maps used:
D:1:      dpeg_arrival_rooms_with_view
D:2:      ashenzari_conservatory_becter, first_ration, hangedman_decor_lopped
D:3:      gammafunk_wand_slinger, minmay_misc_feat_tiny
D:4:      minmay_temple_entry_mist, serial_shops, shop, ebering_ghost_sewer_d,
          uniq_robin, uniq_purgy
D:5:      corexii_shack_village, serial_shops, nicolae_shop_crystal,
          minivault_19, bh_walls_and_bars
D:6:      overflow_temple_1_default, portal_sewer_entry_f, basic_altar
D:7:      lemuel_coloured_pillars_altar, grunt_ogre_cave,
          kennysheep_opposing_triangles
D:8:      overflow_temple_1_default, hangedman_decor_clover_reticule
D:9:      serial_shops, shop, shop, shop, kennysheep_little_box, basic_altar,
          guppyfry_shop_venom
D:10:     lair_entry_dummy
D:11:     minmay_klotski, erik_orc_1
D:12:     minmay_open_boxes_in_corner, minmay_statue_crystal_thing
Orc:2:    pf_orc_diabolical, bloody_trog
Elf:1:    minmay_elf_arrival_summoners, hangedman_elf_disciples, minivault_5,
          uniq_louise, uniq_nikola
Sewer:    sewer_minmay_treatment

Skill      XL: |  1  2  3  4  5  6  7  8  9 10 11 12 13 14 |
---------------+-------------------------------------------+-----
Dodging        | 2 3 4 5 7 8 9 10 | 10.0
Maces & Flails | 3 4 5 6 7 9 10 11 | 11.8
Fighting       | 3 4 5 7 8 9 10 | 10.8
Armour         | 1 3 |  3.3
Throwing       | 2 3 |  3.9
Spellcasting   | 3 4 |  4.7
Translocations | 3 4 5 |  5.7
Shields        | 3 |  3.5
Earth Magic    | 2 |  2.0
Transmutations | 2 |  2.0

Action                   |  1- 3 |  4- 6 |  7- 9 | 10-12 | 13-15 || total
-------------------------+-------+-------+-------+-------+-------++-------
Melee: Mace              |   215 |   178 |   238 |   196 |       ||   827
       Flail             |       |       |   303 |       |       ||   303
       Kick              |       |       |       |   184 |   179 ||   363
       Dire flail        |       |       |       |   446 |   564 ||  1010
       Great mace        |       |       |       |     6 |       ||     6
Throw: Tomahawk          |       |       |       |     1 |       ||     1
 Cast: Blink             |       |       |       |     1 |       ||     1
 Abil: Evoke Berserk Rag |       |     2 |     4 |     8 |    12 ||    26
  Use: Scroll            |       |     8 |     8 |     3 |     2 ||    21
       Potion            |       |     1 |     4 |     5 |     2 ||    12
 Stab: Paralysed         |     4 |       |       |       |     1 ||     5
       Invisible         |       |     4 |       |       |       ||     4
       Petrified         |       |     1 |     3 |       |       ||     4
       Distracted        |       |       |     1 |     2 |       ||     3
       Petrifying        |       |       |     1 |       |       ||     1
       Confused          |       |       |       |     1 |     2 ||     3
  Eat: Chunk             |    25 |    14 |    51 |    66 |    53 ||   209
Armor: Robe              |   120 |    41 |    60 |   156 |   156 ||   533
       Troll leather arm |       |    50 |   130 |       |       ||   180
       Skin              |       |     6 |    55 |    15 |       ||    76
Dodge: Dodged            |   139 |   138 |   449 |   468 |   415 ||  1609

Table legend:
 A = Spawn XP
 B = Non-spawn XP
 C = Spawn XP percentage of total XP
 D = Spawn monster count
 E = Non-spawn monster count
 F = Spawn count percentage of total count
 G = Total turns spent on level
                    A         B        C        D         E        F      G
               +---------+---------+-------+---------+---------+-------+---------
         Total |       0 |   53096 |   0.0 |       0 |     474 |   0.0 | 19800
               +---------+---------+-------+---------+---------+-------+---------
           D:1 |       0 |      27 |   0.0 |       0 |      15 |   0.0 |   963
           D:2 |       0 |      24 |   0.0 |       0 |      15 |   0.0 |   599
           D:3 |       0 |     107 |   0.0 |       0 |      27 |   0.0 |   922
           D:4 |       0 |     624 |   0.0 |       0 |      30 |   0.0 |  1280
           D:5 |       0 |     420 |   0.0 |       0 |      18 |   0.0 |   993
           D:6 |       0 |     295 |   0.0 |       0 |      17 |   0.0 |   363
           D:7 |       0 |    1349 |   0.0 |       0 |      25 |   0.0 |  1481
           D:8 |       0 |    1714 |   0.0 |       0 |      17 |   0.0 |   908
           D:9 |       0 |    1856 |   0.0 |       0 |      27 |   0.0 |  1558
          D:10 |       0 |    4112 |   0.0 |       0 |      30 |   0.0 |  1497
          D:11 |       0 |   11657 |   0.0 |       0 |      80 |   0.0 |  3204
          D:12 |       0 |     754 |   0.0 |       0 |       1 |   0.0 |   290
        Lair:1 |       0 |    3924 |   0.0 |       0 |      20 |   0.0 |   858
         Orc:1 |       0 |    6910 |   0.0 |       0 |      16 |   0.0 |  1172
         Orc:2 |       0 |   17497 |   0.0 |       0 |      85 |   0.0 |  3080
         Elf:1 |       0 |    1681 |   0.0 |       0 |       3 |   0.0 |    42
         Sewer |       0 |     145 |   0.0 |       0 |      48 |   0.0 |   590
               +---------+---------+-------+---------+---------+-------+---------
